Map: Dusk Towers

Players

capac

  • Race: Terran Terran
  • League: Gold

minaree - Winner!

  • Race: Zerg Zerg
  • League: Gold

VOD

Have the link to the VOD?

Description

Time

  • Played on: March 11, 2016, 1:26 p.m.
  • Length: 20:59
Show
View Real Time Build Order
Export as new Build Order

capac Terran 

Build Orders: MMM Bio 

Get SALT Encoding   

  12  0:00  SCV  
  13  0:12  SCV  
  14  0:18  Supply Depot  
  14  0:25  SCV  
  15  0:39  SCV  
  15  0:42  Barracks  
  16  0:44  Refinery  
  16  0:51  SCV  
  17  1:03  SCV  
  18  1:15  SCV  
  19  1:28  SCV  
  19  1:30  Reaper  
  21  1:36  Command Center  
  21  1:40  SCV  
  21  1:46  Supply Depot  
  22  1:54  Orbital Command  
  22  2:03  Barracks Reactor  
  22  2:10  Barracks  
  22  2:20  SCV  
  23  2:50  Marine x2, SCV  
  26  2:58  SCV  
  27  3:04  Refinery  
  28  3:05  Factory  
  28  3:08  Marine  
  28  3:11  Barracks Tech Lab  
  28  3:15  SCV  
  28  3:16  Orbital Command  
  29  3:21  Engineering Bay  
  29  3:27  Marine, SCV  
  29  3:28  Marine  
  32  3:41  Stimpack  
  32  3:43  SCV x2  
  34  3:50  Factory Tech Lab  
  34  3:56  Barracks  
  34  3:58  SCV x2  
  34  4:01  Supply Depot  
  34  4:02  Marine x3  
  39  4:10  Barracks  
  39  4:12  Siege Tank  
  42  4:18  SCV x2  
  42  4:20  Starport  
  42  4:23  Marine  
  42  4:24  Marine x2  
  46  4:30  Supply Depot, SCV x2  
  49  4:41  Marine x2  
  49  4:42  SCV x2  
  49  4:43  Terran Infantry Weapons Level 1  
  53  4:50  Barracks Reactor  
  53  4:51  Marine  
  54  4:59  Starport Reactor  
  53  5:05  Supply Depot  
  53  5:07  SCV x2  
  53  5:08  Marine  
  53  5:10  Refinery, Marine  
  53  5:12  Refinery  
  57  5:18  Marine x2  
  59  5:24  SCV x2  
  59  5:27  Supply Depot  
  61  5:28  Marine  
  61  5:29  Marine  
  61  5:30  Marine x2  
  65  5:36  Barracks Reactor  
  65  5:37  Medivac  
  65  5:39  Medivac  
  69  5:48  SCV  
  69  5:49  SCV  
  71  5:51  Supply Depot  
  71  5:55  Combat Shields  
  71  6:02  SCV x2  
  73  6:14  SCV  
  73  6:17  Viking x2  
  78  6:18  Marine x2  
  78  6:19  Marine x5  
  85  6:25  Supply Depot  
  85  6:39  Command Center  
  85  6:42  Marine  
  85  6:43  Marine x4  
  90  6:50  Supply Depot  
  86  7:29  SCV  
  87  7:30  Marine x4, SCV  
  87  7:31  Marine x3  
  87  7:33  Medivac x2  
  98  7:42  SCV  
  99  7:48  Marine x4  
  103  7:55  Marine  
  103  7:56  Marine x2  
  103  7:58  Concussive Shells  
  106  7:59  Siege Tank  
  106  8:03  Medivac x2  
  113  8:06  Marine  
  113  8:09  Marine x3  
  117  8:13  Marine  
  118  8:34  Marine x4  
  118  8:35  Marine  
  119  8:53  Liberator x2  
  119  8:55  Siege Tank  
  121  9:00  Marine  
  121  9:01  Marine x3  
  125  9:10  Marine x3  
  125  9:11  Command Center  
  125  9:12  Terran Infantry Armor Level 1  
  125  9:15  Armory  
  134  9:32  Marine x4, Siege Tank  
  141  9:49  Orbital Command  
  141  10:04  Refinery  
  141  10:05  Terran Ship Weapons Level 1  
  141  10:07  Refinery  
  141  10:15  Liberator  
  141  10:17  Liberator  
  141  10:23  Marine x7, SCV x3  
  151  10:32  Supply Depot  
  151  10:34  Siege Tank  
  151  10:35  SCV x2  
  162  10:36  SCV  
  162  10:40  Marine x3  
  166  10:45  Supply Depot  
  166  10:46  Supply Depot  
  166  10:47  Supply Depot, SCV  
  167  11:29  Command Center  
  167  11:32  SCV x3  
  170  11:37  Terran Infantry Weapons Level 2, Engineering Bay  
  168  12:00  Liberator x2  
  135  12:26  Starport  
  135  12:29  Marine x6  
  141  12:35  Marauder  
  141  12:36  Siege Tank  
  146  12:38  Barracks  
  146  12:43  Liberator x2  
  146  12:51  Marine  
  146  12:52  Marine x5  
  146  12:53  Supply Depot x2  
  146  12:54  Supply Depot  
  146  12:56  Marauder  
  154  13:01  Barracks  
  160  13:06  Barracks  
  160  13:07  Supply Depot  
  160  13:09  Marine  
  161  13:13  Terran Ship Weapons Level 2  
  161  13:18  Marauder, Planetary Fortress  
  163  13:22  Missile Turret  
  163  13:25  Supply Depot  
  163  13:27  Supply Depot  
  163  13:32  Supply Depot  
  163  13:33  Siege Tank  
  166  13:39  Marauder  
  168  13:42  Starport Reactor  
  168  13:43  Medivac x2  
  172  13:51  Barracks Tech Lab  
  140  14:40  Marine x2  
  121  14:58  Marine x2  
  123  15:02  Liberator x2  
  123  15:08  Factory Tech Lab  
  123  15:16  Marine x2  
  131  15:28  Siege Tank  
  134  15:30  Barracks Tech Lab x2  
  134  15:33  Barracks  
  134  15:34  Marine x2  
  136  15:41  Refinery  
  136  15:42  SCV x3  
  139  15:54  Marauder x2  
  143  16:15  Marauder  
  113  17:08  Marine  
  113  17:09  Marine x2  
  113  17:12  Marauder  
  113  17:13  Marauder  
  120  17:38  Supply Depot x2  
  114  17:49  Marine x2  
  119  17:53  Marauder x2  
  119  17:55  Barracks Tech Lab  
  120  18:06  Medivac x2  
  91  18:51  Liberator x2  
  97  19:16  Marauder x3, Marine x2  
  105  19:22  Barracks  
  105  19:40  Refinery  
  105  19:41  Refinery  
  105  19:44  Engineering Bay  
  101  20:01  Medivac  
  101  20:02  Medivac  
  102  20:27  Marine x2  
Show
View Real Time Build Order
Export as new Build Order

minaree Zerg - Winner!

Build Orders: Hatch First 

Get SALT Encoding   

  12  0:01  Drone  
  13  0:08  Drone  
  14  0:17  Overlord  
  14  0:30  Extractor, Drone  
  14  0:32  Extractor, Drone  
  16  0:38  Drone  
  17  0:45  Drone  
  18  0:58  Hatchery  
  17  1:11  Spawning Pool  
  17  1:13  Drone  
  17  1:20  Drone x2  
  17  1:25  Extractor  
  18  1:32  Drone  
  19  1:38  Drone  
  20  1:52  Drone  
  21  2:00  Overlord  
  21  2:08  Queen  
  21  2:09  Roach Warren  
  21  2:15  Extractor  
  21  2:16  Drone x2  
  21  2:19  Queen  
  21  2:21  Drone  
  26  2:24  Drone  
  27  2:32  Drone x2  
  28  2:42  Spine Crawler  
  27  2:44  Extractor  
  27  2:46  Extractor  
  27  2:47  Spine Crawler  
  27  2:50  Zergling x2  
  26  3:04  Drone x5  
  33  3:15  Drone  
  33  3:16  Drone  
  35  3:20  Overlord  
  35  3:21  Overlord x2  
  35  3:30  Drone  
  35  3:31  Lair  
  36  3:34  Overlord  
  36  3:54  Roach  
  36  3:55  Roach x2  
  42  3:58  Drone  
  42  4:00  Hatchery, Drone  
  42  4:01  Drone  
  44  4:04  Drone  
  44  4:06  Drone  
  46  4:11  Drone  
  46  4:15  Extractor  
  46  4:26  Pneumatized Carapace  
  46  4:28  Drone  
  46  4:29  Roach x2, Drone  
  46  4:30  Roach, Drone  
  46  4:31  Drone  
  56  4:33  Drone  
  57  4:38  Glial Reconstitution  
  58  5:00  Ravager x3  
  58  5:01  Drone x5  
  58  5:02  Drone x3  
  68  5:10  Extractor  
  68  5:11  Spine Crawler  
  68  5:13  Drone x2, Spore Crawler  
  67  5:14  Drone  
  67  5:19  Spine Crawler  
  67  5:22  Queen, Drone  
  67  5:23  Drone  
  67  5:24  Drone  
  72  5:32  Drone  
  73  5:37  Overlord x2  
  73  5:44  Spine Crawler x2, Roach  
  73  5:46  Drone  
  74  5:57  Roach x4  
  74  5:58  Roach  
  74  5:59  Ravager x3  
  87  6:05  Extractor, Drone  
  87  6:06  Drone x3  
  90  6:23  Overlord x2  
  90  6:24  Overlord x2  
  90  6:33  Infestation Pit  
  90  6:34  Hatchery, Burrow  
  90  6:36  Overseer  
  88  6:42  Overlord x3  
  88  6:53  Drone  
  88  6:54  Drone x4  
  93  7:02  Spine Crawler  
  93  7:03  Spine Crawler  
  93  7:06  Roach  
  93  7:07  Roach x5  
  103  7:08  Roach  
  103  7:22  Roach x5  
  99  7:24  Roach  
  96  7:33  Drone x2  
  96  7:36  Roach  
  100  7:37  Ravager  
  100  7:38  Ravager x3  
  100  7:42  Hive  
  104  7:45  Drone x3  
  107  7:56  Drone x2  
  109  7:58  Hatchery  
  109  7:59  Drone  
  109  8:02  Extractor  
  109  8:05  Queen  
  110  8:09  Spine Crawler  
  110  8:10  Drone x3  
  112  8:13  Drone x3  
  112  8:16  Pathogen Glands  
  115  8:27  Spore Crawler  
  115  8:28  Spore Crawler  
  113  8:35  Ravager  
  113  8:36  Ravager x3  
  113  8:40  Queen  
  108  8:54  Roach x4  
  108  8:55  Roach  
  113  9:02  Overlord x4  
  113  9:11  Spore Crawler  
  113  9:14  Overlord x4  
  112  9:20  Queen x2  
  112  9:21  Roach  
  112  9:22  Roach x2  
  122  9:26  Infestor x3  
  122  9:27  Infestor  
  122  9:29  Roach x2  
  134  9:39  Evolution Chamber  
  134  9:43  Evolution Chamber x2, Drone x5  
  134  9:45  Ultralisk Cavern, Extractor  
  134  9:47  Drone  
  134  9:48  Extractor  
  134  9:55  Drone  
  134  9:56  Drone x4  
  134  9:58  Hatchery  
  138  10:03  Nydus Network  
  138  10:04  Zerg Ground Armor Level 1  
  137  10:08  Zerg Missile Weapons Level 1  
  137  10:13  Drone x3  
  137  10:14  Drone x6  
  146  10:24  Drone x2  
  146  10:25  Drone  
  146  10:27  Drone  
  146  10:28  Drone  
  151  10:30  Zergling x8  
  151  10:31  Metabolic Boost  
  151  10:33  Zerg Melee Weapons Level 1  
  151  10:35  Chitinous Plating  
  155  10:39  Zergling x10  
  160  10:43  Drone  
  160  10:44  Drone x2  
  160  10:49  Spine Crawler  
  162  11:01  Overlord x3  
  162  11:06  Ravager x3  
  162  11:07  Ravager x3  
  168  11:13  Drone x3  
  171  11:20  Ultralisk  
  177  11:28  Ultralisk  
  177  11:29  Zergling x8  
  177  11:30  Zergling x6  
  190  11:38  Extractor  
  189  11:41  Extractor  
  189  11:45  Spine Crawler  
  187  12:04  Zergling x10  
  187  12:07  Adrenal Glands  
  189  12:10  Zerg Ground Armor Level 2  
  189  12:11  Zerg Missile Weapons Level 2  
  183  12:18  Spine Crawler  
  183  12:20  Spine Crawler x2  
  180  12:22  Spore Crawler  
  179  12:33  Drone x4  
  179  12:34  Drone x6  
  189  12:37  Drone  
  189  12:38  Drone x3  
  193  12:52  Nydus Network  
  193  12:56  Spine Crawler  
  193  12:58  Spine Crawler  
  190  12:59  Spine Crawler  
  190  13:00  Hatchery  
  190  13:01  Spine Crawler  
  190  13:03  Zerg Melee Weapons Level 2, Spire  
  186  13:07  Zergling x4  
  186  13:08  Zergling x6  
  186  13:11  Overseer  
  191  13:17  Overlord  
  191  13:47  Nydus Canal  
  191  13:52  Nydus Canal  
  191  13:59  Overlord x3  
  191  14:00  Overlord x6  
  191  14:01  Overlord x3  
  161  14:26  Ultralisk x2  
  161  14:27  Ultralisk x4  
  161  14:28  Zergling x4  
  199  14:34  Hydralisk Den  
  169  15:00  Roach  
  169  15:01  Roach x14  
  199  15:08  Muscular Augments  
  197  15:16  Queen  
  199  15:25  Spine Crawler  
  199  15:27  Spine Crawler  
  197  15:28  Spine Crawler  
  197  15:29  Spine Crawler  
  197  15:30  Spine Crawler  
  197  15:34  Extractor  
  193  15:36  Extractor  
  193  15:41  Zergling x2  
  193  15:42  Zergling x2  
  194  15:48  Roach x2  
  198  15:54  Nydus Canal  
  198  15:57  Nydus Canal  
  198  16:09  Spine Crawler  
  197  16:11  Spine Crawler  
  175  16:38  Ultralisk  
  175  16:39  Ultralisk x5  
  199  16:43  Ravager  
  199  16:45  Corruptor x3  
  199  16:46  Corruptor x6  
  196  16:48  Greater Spire  
  196  16:52  Spire  
  195  16:54  Drone x2  
  195  16:55  Drone x2  
  195  17:00  Hydralisk x3  
  199  17:05  Ravager x5  
  199  17:06  Ravager  
  197  17:09  Zergling x4  
  199  17:59  Overseer  
  199  18:00  Nydus Canal  
  199  18:08  Nydus Canal  
  199  18:20  Ravager  
  182  18:47  Ultralisk x3  
  182  18:48  Ultralisk x4  
  198  19:01  Drone  
  199  19:08  Spore Crawler  
  198  19:11  Hatchery, Spore Crawler  
  198  19:12  Spore Crawler  
  195  19:20  Zergling x4  
  195  19:21  Infestor  
  199  19:50  Nydus Canal  
  197  20:02  Brood Lord  
  197  20:18  Hydralisk x5  
  197  20:19  Hydralisk x2  
Tags
 
Composition
MMM Bio
League
GoldGold
Matchup
TvZ
Add a new tag
Caveats
  • Supply blocks, unpowered buildings, or Contaminate may cause inaccurate times.
  • Supply counts are checked every 10 seconds.